 Dungeon Crawl Stone Soup version 0.30-a0-862-g1aabd4f9c5 (webtiles) character file.

Game seed: 12858521084590368952

418 bande the Chopper (level 6, -1/39 HPs)
             Began as a Gargoyle Fighter on Mar 8, 2023.
             Slain by a lemure (6 damage)
             ... led by Pikel
             ... on level 4 of the Dungeon.
             The game lasted 00:04:44 (3316 turns).

bande the Chopper (Gargoyle Fighter)                Turns: 3316, Time: 00:04:45

Health: -1/39      AC: 19    Str: 20    XL:     6   Next: 93%
Magic:  6/6        EV:  5    Int:  8    God:
Gold:   163        SH:  5    Dex: 17    Spells: 5/5 levels left

rFire   . . .      SeeInvis .    a - +1 war axe
rCold   . . .      Faith    +    c - +0 buckler
rNeg    + . .      Spirit   .    f - +0 plate armour
rPois   ∞          Reflect  .    (no helmet)
rElec   +          Rampage  +    (no cloak)
rCorr   .                        (no gloves)
Will    .....                    b - +2 pair of boots {rampage} Stlth
                                 l - amulet of faith
HPRegen 0.26/turn                h - +6 ring of dexterity
MPRegen 0.10/turn                (no ring)

@: about to teleport
A: sickness immunity, AC +4, negative energy resistance 1, electricity
resistance, torment resistance 1, petrification resistance
a: no special abilities


You were on level 4 of the Dungeon.
You visited 1 branch of the dungeon, and saw 4 of its levels.
You also visited: Sewer.

You collected 163 gold pieces.

Inventory:

Hand Weapons
 a - a +1 war axe (weapon)
 u - a +0 flail
Armour
 b - a +2 pair of boots of rampaging (worn)
 c - a +0 buckler (worn)
 f - a +0 plate armour (worn)
Jewellery
 h - a +6 ring of dexterity (left hand)
 l - an amulet of faith (around neck)
Wands
 p - a wand of light (5)
 q - a wand of iceblast (13)
Scrolls
 e - a scroll of enchant weapon
 g - a scroll of brand weapon {unknown}
 k - a scroll of teleportation
Potions
 d - 2 potions of might
 i - 4 potions of curing
 j - a potion of mutation
 m - a potion of heal wounds
 o - a potion of brilliance {unknown}
 r - a potion of haste
 s - a potion of magic {unknown}


   Skills:
 + Level 4.3 Fighting
 + Level 4.8 Axes
 + Level 4.2 Armour
 + Level 3.8 Shields
 * Level 1.8 Evocations


You had 5 spell levels left.
You didn't know any spells.
Your spell library contained the following spells:

 Spells                   Type           Power      Damage    Failure   Level
 Lesser Beckoning         Tloc           0%         N/A       100%        2
 Gell's Gravitas          Tloc           0%         N/A       100%        3
 Teleport Other           Tloc           0%         N/A       100%        3


Dungeon Overview and Level Annotations

Branches:
Dungeon (4/15)              Sewer (visited)
 Temple: D:4-7

Altars:

Shops:
D:1 *

Annotations:
D:4 Pikel


Innate Abilities, Weirdness & Mutations

You are immune to sickness and miasma.
Your stone body is resilient. (AC +4)
You are immune to poison.
You resist negative energy. (rN+)
You are resistant to electric shocks. (rElec)
You are resistant to unholy torment.
You are immune to petrification.


Message History

You hit the orc.
The orc is heavily wounded.
You barely miss the orc wizard. You hit the lemure but do no damage.
You hit the orc wizard but do no damage.
You barely miss the orc.
The orc wizard hits you but does no damage.
The orc hits you but does no damage. The orc hits you with a +0 hand axe.
* * * LOW HITPOINT WARNING * * *
The orc wizard hits you but does no damage.
The lemure barely misses you.
You hit the orc.
You kill the orc!
You slash the orc wizard! You hit the orc. You closely miss the orc wizard.
You barely miss the lemure.
The orc wizard hits you but does no damage.
The orc wizard points at you and mumbles some strange words.
The magic dart hits you but does no damage.
You block the orc's attack. The lemure hits you but does no damage.
As you read the scroll of teleportation, it crumbles to dust.
You feel strangely unstable. The lemure hits you but does no damage.
The orc wizard hits you but does no damage. x2
You block the orc's attack. The lemure hits you but does no damage.
An endoplasm comes into view.
The lemure attacks as you move away! You block the lemure's attack.
The lemure attacks as you move away! The lemure barely misses you.
The orc wizard hits you but does no damage.
You block the orc's attack.
The orc wizard attacks as you move away!
The orc wizard hits you but does no damage.
The lemure attacks as you move away! You block the lemure's attack.
The orc wizard mumbles some strange words.
The orc wizard flickers and vanishes!
Deactivating autopickup; reactivate with Ctrl-A.
The orc wizard attacks as you move away!
The orc wizard hits you but does no damage.
The orc attacks as you move away! The orc hits you with a +0 hand axe.
* * * LOW HITPOINT WARNING * * *
Pikel says, "You'll make a fine lemure."
The lemure attacks as you move away! The lemure hits you.
You die...

#########
........###########
..................#
#
#######.#########.#
..#...###'#####
#...#
........(.....#
#)###
.......).o....# #)#
......)K55@...# #.#
......5).o....# #.#
..............# #.#
..............# #.#
J.#...######### #.#
. ##+# #.#
#.####### #.#.....#
#.#.###.#


You could see Pikel, 3 lemures, an orc wizard and an orc.

Vanquished Creatures
  An orc priest (D:4)
  4 jellies (Sewer)
  An iguana (D:3)
  7 gnolls
  5 adders
  A river rat (Sewer)
  2 worms
  2 dart slugs
  7 orcs
  7 bats
  8 endoplasms
  12 giant cockroaches
  7 goblins
  8 hobgoblins
  5 jackals
  2 quokkas
  8 ball pythons
  5 frilled lizards
  5 kobolds
  13 rats
110 creatures vanquished.

Notes
Turn   | Place    | Note
-------+----------+-------------------------------------------
     0 | D:1      | bande the Gargoyle Fighter began the quest for the Orb.
     0 | D:1      | Reached XP level 1. HP: 14/14 MP: 1/1
    37 | D:1      | Reached XP level 2. HP: 17/19 MP: 2/2
   262 | D:1      | Found Ekec's Assorted Antiques.
   367 | D:1      | Reached XP level 3. HP: 24/24 MP: 3/3
  1155 | D:3      | Reached XP level 4. HP: 29/29 MP: 4/4
  1470 | D:3      | Reached XP level 5. HP: 32/33 MP: 5/5
  1477 | D:3      | Found a glowing drain.
  1484 | Sewer    | Entered a sewer
  1559 | Sewer    | Reached skill level 1 in Evocations
  1710 | Sewer    | Found a viscous altar of Jiyva.
  1719 | Sewer    | Reached XP level 6. HP: 12/38 MP: 6/6
  2326 | D:3      | Identified a scroll of acquirement
  2326 | D:3      | Acquired a +2 pair of boots of rampaging
  2465 | D:3      | Found a faded altar of an unknown god.
  3308 | D:4      | Noticed Pikel
  3316 | D:4      | Slain by a lemure

Illustrated notes

Levels and vault maps discovered:
D:1:      scummos_arrival_simple_fountains, layout_basic, serial_shops,
          nicolae_shop_window_shopping
D:2:      layout_rooms, grunt_ministairs_15
D:3:      layout_basic, shapermc_ecumenical_altar_flowoftime,
          portal_sewer_entry_b, serial_bayou_pond_d
D:4:      layout_basic, kennysheep_generic_room_14, uniq_pikel, uniq_edmund,
          uniq_sigmund

Skill      XL: |  1  2  3  4  5 |
---------------+----------------+-----
Axes           | 2 3 4 |  4.8
Fighting       | 4 |  4.3
Armour         | 4 |  4.2
Evocations     | 1 |  1.8
Shields        | |  3.8

Action                     |  1- 3 |  4- 6 || total
---------------------------+-------+-------++-------
  Melee: War axe           |   111 |   177 ||   288
    Use: Scroll            |     2 |     9 ||    11
         Potion            |       |     1 ||     1
 Armour: Scale mail        |    64 |    14 ||    78
         Plate armour      |       |   151 ||   151
  Dodge: Dodged            |    53 |    65 ||   118
  Block: Buckler           |    23 |    56 ||    79

Table legend: (Time is in decaauts)
 A = Elapsed time spent in this place.
 B = Non-inter-level travel time spent in this place.
 C = Inter-level travel time spent in this place.
 D = Time resting spent in this place.
 E = Time spent auto-exploring this place.
 F = Levels seen in this place.
 G = Mean time per level.
                   A        B        C        D        E       F      G
               +--------+--------+--------+--------+--------+-----+--------+
         Total |   3460 |   3354 |    106 |    520 |   2107 |   5 |  692.0 |
       Dungeon |   2677 |   2571 |    106 |    148 |   1893 |   4 |  669.2 |
         Sewer |    783 |    783 |      0 |    372 |    213 |   1 |  783.0 |
               +--------+--------+--------+--------+--------+-----+--------+

Top non-repeatable levels by time:
     D:3: 1262 daAuts
   Sewer: 783 daAuts
     D:1: 649 daAuts
     D:2: 539 daAuts
     D:4: 226 daAuts
